Map: Tokamak LE

Players

ska

  • Race: Terran Terran
  • League: Diamond
  • Spawn Location: 7:00

SubN - Winner!

  • Race: Zerg Zerg
  • League: Master
  • Spawn Location: 1:00

VOD

Have the link to the VOD?

Description

Time

  • Played on: July 14, 2025, 5:47 p.m.
  • Length: 18:13
Show
View Real Time Build Order
Export as new Build Order

ska Terran 

Build Orders:  

Get SALT Encoding   

  12  0:05  SCV  
  13  0:21  SCV  
  13  0:24  Supply Depot  
  14  0:34  SCV  
  15  0:46  SCV  
  15  0:48  Barracks  
  16  0:58  SCV  
  17  1:10  SCV  
  18  1:22  SCV  
  19  1:34  SCV  
  19  1:36  Marine  
  21  1:40  Bunker  
  21  1:45  Refinery  
  22  1:48  Orbital Command  
  21  1:54  Marine  
  22  2:01  Supply Depot  
  22  2:11  Command Center  
  22  2:12  Marine  
  23  2:25  Refinery  
  22  2:30  Marine  
  23  2:46  SCV  
  24  3:00  Barracks Reactor  
  24  3:10  SCV  
  25  3:19  Factory  
  25  3:22  SCV  
  25  3:24  Orbital Command  
  25  3:25  Refinery  
  26  3:34  Factory, SCV  
  27  3:46  SCV  
  28  3:58  SCV  
  29  4:06  Barracks Tech Lab  
  29  4:10  Starport  
  29  4:11  SCV x2  
  31  4:19  Engineering Bay, Armory  
  31  4:23  SCV x2  
  33  4:25  Factory Tech Lab  
  33  4:27  Hellion x2  
  33  4:29  Stimpack  
  37  4:35  SCV x2  
  39  4:47  Supply Depot, SCV  
  39  4:48  Hellion x2, SCV  
  39  4:52  Supply Depot  
  45  4:55  Refinery  
  46  5:00  SCV  
  46  5:02  Infernal Pre-Igniter  
  46  5:08  Viking  
  46  5:09  Hellion  
  46  5:11  SCV  
  51  5:14  Terran Vehicle Weapons Level 1  
  51  5:16  SCV  
  51  5:17  Supply Depot  
  52  5:23  SCV  
  52  5:28  Hellion, SCV  
  56  5:35  SCV  
  56  5:40  SCV  
  58  5:47  SCV  
  59  5:52  SCV  
  59  5:55  Thor  
  64  5:58  Marine  
  64  6:00  SCV  
  64  6:03  Missile Turret  
  64  6:04  Barracks x2  
  60  6:05  Missile Turret  
  60  6:07  Missile Turret  
  60  6:08  Missile Turret x2  
  58  6:17  Marine  
  59  6:19  Missile Turret  
  59  6:21  Drilling Claws  
  59  6:24  Widow Mine x2  
  63  6:27  Missile Turret  
  63  6:32  Missile Turret, Supply Depot  
  63  6:35  Marine  
  63  6:39  Widow Mine  
  66  6:48  Widow Mine x2  
  66  6:51  Barracks Reactor x2  
  70  6:56  Marine  
  70  6:58  Terran Infantry Weapons Level 1  
  70  7:00  Widow Mine  
  73  7:02  Supply Depot  
  73  7:03  Combat Shield  
  73  7:07  Factory  
  69  7:17  Marine  
  69  7:21  Thor  
  76  7:32  Command Center  
  76  7:33  Marine x3  
  76  7:35  Starport Reactor, Marine  
  80  7:40  Supply Depot  
  80  7:43  Supply Depot  
  80  7:46  Supply Depot  
  80  7:49  Missile Turret  
  80  7:50  Factory Tech Lab  
  80  7:53  Marine  
  80  7:57  Factory  
  81  8:04  Thor  
  87  8:07  Supply Depot  
  87  8:10  Marine  
  88  8:28  Viking x2, Marine  
  88  8:32  Supply Depot  
  93  8:45  Factory Tech Lab  
  93  8:58  Viking x2  
  93  9:02  Marine x2  
  98  9:13  Thor  
  98  9:14  Command Center  
  98  9:17  Marine  
  104  9:22  Thor  
  104  9:23  Missile Turret  
  111  9:28  Viking  
  113  9:37  Marine x2  
  90  9:47  Siege Tank  
  90  9:48  Hellion, Marine x2  
  90  9:49  Marine  
  90  9:55  Marine  
  90  9:58  Siege Tank  
  94  10:00  Missile Turret, Marine  
  94  10:03  Medivac  
  94  10:05  Siege Tank  
  100  10:15  SCV x2  
  100  10:16  Marine x4  
  100  10:18  Marine  
  107  10:27  SCV  
  100  10:35  Marine x3  
  90  10:36  Marine  
  90  10:40  Marine  
  76  10:53  Missile Turret, Marine x4  
  76  10:56  Siege Tank  
  76  10:57  Hellion, Siege Tank  
  88  10:58  Marine  
  89  11:04  SCV  
  89  11:09  Medivac x2  
  89  11:11  Missile Turret, Marine x2  
  96  11:21  Refinery  
  96  11:23  Hellion, Marine x2  
  96  11:24  Marine  
  101  11:27  Orbital Command  
  101  11:29  SCV x2  
  104  11:34  Siege Tank  
  104  11:36  Sensor Tower  
  104  11:39  SCV, Medivac  
  109  11:41  SCV x2  
  109  11:43  Marauder, Marine x3  
  116  11:52  Medivac  
  116  11:53  SCV  
  119  12:00  Siege Tank x2  
  119  12:01  Marine x2  
  118  12:07  Siege Tank  
  116  12:09  Medivac  
  105  12:16  Marine x3  
  105  12:19  Hellion, Marine x2  
  105  12:22  Medivac  
  96  12:34  Marine x3  
  99  12:40  Siege Tank x2  
  99  12:41  Hellion, Marine, Siege Tank  
  111  12:57  Marine x4  
  115  12:59  Marine, Medivac  
  118  13:07  SCV x3  
  121  13:18  Marine x3  
  124  13:25  Terran Infantry Armor Level 1  
  124  13:28  Refinery  
  124  13:30  Marine  
  124  13:31  Marine  
  126  13:36  Marine  
  127  13:46  Marine  
  127  14:00  Marine  
  127  14:01  Marine x2  
  128  14:18  Orbital Command  
  128  14:22  Marauder, Marine  
  128  14:23  Refinery  
  131  14:24  Missile Turret  
  125  14:33  Marine  
  125  14:34  Marine x2  
  125  14:36  Siege Tank x2  
  125  14:38  SCV  
  135  14:39  SCV x2  
  135  14:43  Marauder, Marine, Siege Tank  
  135  14:44  Liberator  
  135  14:45  Medivac  
  148  14:50  SCV  
  148  14:51  Marine  
  148  14:52  Marine  
  151  15:04  Marauder  
  153  15:08  Marine x2  
  153  15:09  Marine  
  156  15:18  Marine, Medivac  
  139  15:25  Marine  
  139  15:26  Marine x2  
  139  15:27  Marine, Medivac  
  123  15:36  Marine  
  123  15:42  Missile Turret  
  124  15:44  Marauder, Marine x3  
  129  15:53  Marine  
  130  16:02  Marine x3  
  125  16:04  Marine  
  125  16:11  Marine  
  125  16:20  Command Center, Marine x3  
  125  16:22  Marine  
  112  16:29  Marine  
  113  16:37  Marine  
  113  16:38  Marine x2  
  116  16:40  Marine  
  92  16:47  Marine  
  69  16:55  Marine x2  
  69  16:56  Marine  
  69  16:58  Marine  
  73  17:05  Marine, Medivac x2  
  78  17:13  Marine  
  78  17:16  Marauder  
  78  17:17  Siege Tank  
  78  17:18  Siege Tank x2  
  78  17:19  Hellion x2  
  93  17:27  Marine  
  90  17:35  Medivac x2  
  79  17:48  Marine  
Show
View Real Time Build Order
Export as new Build Order

SubN Zerg - Winner!

Build Orders: Pool First 

Get SALT Encoding   

  12  0:00  Drone  
  13  0:12  Overlord  
  13  0:16  Drone  
  14  0:31  Drone x2  
  14  0:35  Drone  
  17  0:37  Extractor  
  16  0:47  Drone  
  17  0:53  Spawning Pool  
  16  0:57  Drone  
  17  1:12  Drone  
  18  1:20  Hatchery  
  18  1:24  Drone  
  18  1:31  Drone  
  19  1:39  Metabolic Boost  
  19  1:47  Queen  
  21  1:56  Overlord  
  21  2:09  Zergling x2  
  21  2:12  Overlord  
  22  2:28  Zergling x2  
  22  2:29  Zergling x2  
  24  2:34  Queen  
  26  2:39  Drone  
  27  2:51  Overlord  
  27  2:57  Lair  
  27  3:00  Drone x6  
  33  3:08  Overlord  
  33  3:10  Drone  
  34  3:13  Drone  
  34  3:17  Extractor  
  34  3:20  Overlord  
  34  3:24  Drone  
  35  3:33  Drone x4  
  39  3:36  Drone  
  39  3:40  Baneling Nest, Drone  
  40  3:53  Drone x4  
  44  4:01  Hatchery  
  43  4:14  Spire  
  43  4:16  Drone x3  
  45  4:20  Drone x2  
  45  4:21  Drone, Extractor  
  45  4:22  Extractor  
  45  4:23  Drone  
  47  4:24  Drone  
  47  4:26  Drone  
  49  4:38  Overlord  
  49  4:41  Centrifugal Hooks  
  49  4:44  Drone  
  50  4:49  Overlord x3  
  50  4:53  Overseer  
  51  5:00  Drone x7  
  57  5:07  Drone  
  57  5:11  Queen  
  60  5:14  Queen  
  60  5:20  Queen  
  64  5:27  Mutalisk  
  64  5:28  Mutalisk  
  64  5:32  Mutalisk x2  
  70  5:38  Mutalisk  
  70  5:39  Mutalisk  
  73  5:50  Zergling x2  
  73  5:51  Zergling x14  
  73  5:52  Zergling x2  
  80  6:09  Overlord x2  
  80  6:12  Overseer  
  81  6:25  Drone x5  
  81  6:26  Drone x4  
  81  6:29  Extractor  
  81  6:30  Extractor  
  87  6:43  Drone  
  87  6:45  Drone x5  
  93  6:52  Drone  
  94  7:07  Roach Warren  
  93  7:21  Evolution Chamber  
  93  7:22  Evolution Chamber  
  91  7:23  Drone x3  
  91  7:24  Drone  
  91  7:27  Zerg Flyer Weapons Level 1  
  96  7:30  Drone  
  96  7:33  Drone x3  
  99  7:41  Zergling x2  
  99  7:43  Drone x2  
  99  7:44  Overlord x4  
  102  7:45  Corruptor x2  
  102  7:48  Glial Reconstitution  
  106  7:51  Overlord  
  106  7:52  Overlord  
  106  7:54  Overlord  
  106  7:57  Overlord  
  106  7:58  Overlord  
  106  8:00  Overseer  
  106  8:07  Hatchery  
  105  8:17  Zerg Ground Armor Level 1  
  105  8:18  Roach, Zerg Missile Weapons Level 1  
  105  8:19  Roach x11  
  129  8:29  Infestation Pit  
  128  8:34  Baneling  
  128  8:35  Baneling x17  
  128  8:54  Roach x5  
  128  8:55  Roach x2  
  142  8:56  Hatchery  
  142  8:59  Ravager x5  
  142  9:00  Ravager  
  147  9:10  Infestor x4, Extractor  
  147  9:11  Infestor  
  147  9:14  Extractor  
  129  9:43  Roach x6  
  129  9:44  Roach x4  
  131  9:49  Zergling x2  
  131  9:50  Zergling x18  
  141  9:59  Drone x2  
  143  10:01  Drone, Queen  
  146  10:07  Overlord x3  
  146  10:10  Roach  
  148  10:15  Neural Parasite  
  148  10:18  Hive  
  148  10:21  Zerg Melee Weapons Level 1, Zerg Missile Weapons Level 2  
  148  10:24  Queen  
  127  10:44  Roach  
  127  10:45  Roach x19  
  145  10:53  Drone  
  145  10:54  Drone x2  
  148  11:10  Ravager x5  
  153  11:12  Zergling x20  
  163  11:21  Overlord  
  163  11:23  Overlord  
  163  11:32  Greater Spire  
  163  11:34  Zergling x4  
  163  11:35  Zergling x18  
  174  11:46  Overlord x3  
  174  11:47  Hatchery  
  157  12:14  Zerg Ground Armor Level 2  
  103  12:35  Viper x2  
  103  12:36  Viper x3  
  118  12:39  Roach  
  118  12:40  Roach x5  
  118  12:42  Zergling x24  
  142  12:49  Zerg Missile Weapons Level 3  
  142  12:51  Adrenal Glands  
  142  12:53  Overseer  
  142  13:01  Zergling x6  
  145  13:08  Queen  
  145  13:10  Drone x2  
  145  13:11  Drone x2  
  151  13:14  Drone x4  
  155  13:26  Baneling x8  
  155  13:27  Baneling x16  
  155  13:28  Zergling x10  
  155  13:29  Zergling x28  
  136  14:21  Drone x3  
  136  14:23  Drone x4  
  143  14:27  Corruptor x8  
  143  14:30  Zerg Melee Weapons Level 2  
  158  14:34  Drone x2  
  158  14:37  Extractor  
  159  14:38  Extractor  
  159  14:44  Corruptor x3, Ultralisk Cavern  
  163  14:48  Zergling x2  
  164  14:56  Zergling x2  
  164  14:57  Zergling x32  
  137  15:31  Zergling x2  
  137  15:32  Zergling x10, Ultralisk x3  
  137  15:33  Ultralisk x6  
  182  15:50  Corruptor x3  
  177  16:12  Overlord  
  177  16:13  Overlord  
  177  16:14  Zergling x2  
  177  16:15  Zergling x10  
  178  16:35  Hatchery  
  178  16:39  Zergling x18  
  183  16:40  Zergling x2  
  170  16:48  Queen  
  170  16:49  Drone x3  
  175  17:07  Drone x9  
  175  17:08  Drone  
  184  17:16  Brood Lord x3  
  184  17:17  Brood Lord x3  
  157  17:41  Zergling x18  
  157  17:42  Zergling x14  
Tags
 
Matchup
TvZ
Opening
Pool First
Replay Pack
Multiplayer
Spawn Locations
Cross Positions
Add a new tag
Caveats
  • Supply blocks, unpowered buildings, or Contaminate may cause inaccurate times.
  • Supply counts are checked every 10 seconds.